 Dungeon Crawl Stone Soup version 0.25-a0-356-g7c9d860 (webtiles) character file.

Game seed: 8290152063561917261, levelgen mode: deterministic

109 MrTaco21 the Cudgeler (level 4, 0/28 HPs)
             Began as a Gargoyle Fighter on Jan 3, 2020.
             Slain by an orc
             ... wielding a +0 mace
              (2 damage)
             ... on level 3 of the Dungeon.
             The game lasted 00:04:33 (2015 turns).

MrTaco21 the Cudgeler (Gargoyle Fighter)            Turns: 2015, Time: 00:04:34

Health: 0/28       AC: 12    Str: 20    XL:     4   Next: 90%
Magic:  4/4        EV:  7    Int:  9    God:
Gold:   114        SH:  9    Dex:  9    Spells: 3/3 levels left

rFire    . . .     SeeInvis .   a - +0 flail
rCold    . . .     Gourm    .   c - +0 shield
rNeg     + . .     Faith    .   b - +0 scale mail
rPois    ∞         Spirit   .   h - +0 helmet
rElec    +         Reflect  .   r - +0 cloak
rCorr    .         Harm     .   (no gloves)
MR       .....                  (no boots)
Stlth    ..........             (no amulet)
HPRegen  0.09/turn              (no ring)
MPRegen  0.09/turn              (no ring)

@: no status effects
A: negative energy resistance 1, electricity resistance, unbreathing,
petrification resistance, rot immunity, AC +3
a: no special abilities


You were on level 3 of the Dungeon.
You were not hungry.

You visited 1 branch of the dungeon, and saw 3 of its levels.

You collected 114 gold pieces.

Inventory:

Hand Weapons
 a - a +0 flail (weapon)
Armour
 b - a +0 scale mail (worn)
 c - a +0 shield (worn)
 h - a +0 helmet (worn)
   (You found it on level 1 of the Dungeon)
 r - a +0 cloak (worn)
   (You found it on level 1 of the Dungeon)
Scrolls
 f - a scroll of blinking {unknown}
 g - a scroll of enchant armour {unknown}
 i - a scroll of teleportation {unknown}
 k - 5 scrolls of identify {unknown}
Potions
 d - a potion of might
 j - a potion of degeneration {unknown}
 l - a potion of brilliance {unknown}
 m - 3 potions of curing {unknown}
 o - a potion of flight {unknown}
 p - a potion of mutation {unknown}
 q - a potion of haste {unknown}
Comestibles
 e - 3 rations {!d}
 n - a chunk of flesh


   Skills:
 - Level 3.2 Fighting
 + Level 4.9 Maces & Flails
 - Level 3.2 Armour
 - Level 3.2 Shields


You had 3 spell levels left.
You didn't know any spells.
Your spell library was empty.

Dungeon Overview and Level Annotations

Branches:
Dungeon (3/15)

Altars:
Ashenzari
Cheibriados
Gozag


Innate Abilities, Weirdness & Mutations

You are resistant to torment.
Your stone body is resilient. (AC +3)
You are immune to poison.
You resist negative energy. (rN+)
You are resistant to electric shocks. (rElec)
You can survive without breathing.
You are immune to petrification.
You are immune to rotting.


Message History

No target in view!
Things that are here:
3 stones; a kobold corpse An orc comes into view.
It is wielding a +0 mace.
An orc is nearby!
An orc is nearby!
The orc throws a stone.
You block the stone.
An orc wizard comes into view. It is wielding a +0 dagger.
Found 13 gold pieces.
You see here a stone.
The orc wizard shouts!
You hear a shout! x2
The orc throws a stone.
The stone hits you but does no damage.
You see here a stone.
The orc throws a stone.
The stone hits you but does no damage.
The orc throws a stone.
The stone hits you but does no damage.
An orc comes into view. It is wielding a +0 hand axe.
You see here a stone.
You block the orc wizard's attack.
You barely miss the orc wizard. The orc wizard barely misses you.
The orc hits you but does no damage. The orc closely misses you.
You block the orc wizard's attack.
You closely miss the orc wizard. You block the orc's attack.
An orc priest comes into view. It is wielding a +0 hand axe.
You block the orc's attack.
The orc wizard hits you but does no damage.
You hit the orc wizard. You block the orc's attack.
The orc wizard barely misses you.
The orc priest invokes the aid of Beogh against you.
Beogh smites you!
Ouch! That really hurt!
* * * LOW HITPOINT WARNING * * *
You are too injured to fight recklessly!
You are too injured to fight recklessly!
You are too injured to fight recklessly!
You are too injured to fight recklessly!
Unknown command.
An orc comes into view. It is wielding a -1 short sword.
The orc shouts!
The orc hits you but does no damage. x2
The orc wizard casts a spell at you. The puff of flame hits you!
* * * LOW HITPOINT WARNING * * *
You block the orc priest's attack.
You barely miss the orc priest. You block the orc's attack.
You block the orc wizard's attack. The orc hits you but does no damage. x2
The orc priest hits you but does no damage.
You hit the orc priest. The orc hits you but does no damage.
The orc wizard hits you but does no damage.
The orc hits you with a +0 mace.
You die...

#(##...##
#.#.....##.
#..........
#.#(....##
#.#(...##
#......#
##.(...#
#o.o..#
##@o.##
#....oo..#
#.#.###..#
# ..# ..#
... ..##
..#


You could see an orc priest, an orc wizard and 3 orcs.

Vanquished Creatures
  Crazy Yiuf (D:2)
  An adder (D:2)
  3 oozes (D:1)
  2 dart slugs
  6 bats
  A giant cockroach (D:2)
  7 goblins
  9 hobgoblins
  6 jackals
  4 kobolds
  A quokka (D:3)
  A frilled lizard (D:1)
  8 rats
50 creatures vanquished.

Notes
Turn   | Place    | Note
-------+----------+-------------------------------------------
     0 | D:1      | MrTaco21 the Gargoyle Fighter began the quest for the Orb.
     0 | D:1      | Reached XP level 1. HP: 14/14 MP: 1/1
    93 | D:1      | Reached XP level 2. HP: 19/19 MP: 2/2
   175 | D:1      | You fall into a shaft and drop 1 floor!
   202 | D:2      | Reached skill level 3 in Maces & Flails
   290 | D:2      | Found an opulent altar of Gozag.
   364 | D:2      | Reached XP level 3. HP: 23/23 MP: 3/3
   409 | D:2      | Found a shattered altar of Ashenzari.
   549 | D:2      | Found a snail-covered altar of Cheibriados.
   647 | D:2      | Reached skill level 4 in Maces & Flails
   717 | D:2      | Found a runed translucent door.
   718 | D:2      | Noticed Crazy Yiuf
   853 | D:2      | Killed Crazy Yiuf
   853 | D:2      | Reached XP level 4. HP: 15/28 MP: 0/4
  2013 | D:3      | HP: 1/28 [orc wizard/puff of flame (12)]
  2015 | D:3      | Slain by an orc

Levels and vault maps discovered:
D:1:      matt_arrival_los_fun, layout_basic, minmay_octomino_j4
D:2:      layout_rooms, lemuel_crystal_altar, lemuel_coloured_pillars_altar,
          lemuel_doored_altar, uniq_crazy_yiuf_cottage
D:3:      layout_loops_ring, lemuel_round_altar, overflow_temple_1_default,
          uniq_jessica, uniq_ijyb

Skill      XL: |  1  2  3 |
---------------+----------+-----
Maces & Flails | 3 4 |  4.9
Fighting       | |  3.2
Armour         | |  3.2
Shields        | |  3.2

Action                   |  1- 3 |  4- 6 || total
-------------------------+-------+-------++-------
Melee: Flail             |   110 |    96 ||   206
  Eat: Chunk             |       |     4 ||     4
Armor: Scale mail        |    81 |    47 ||   128
Dodge: Dodged            |    66 |    34 ||   100
Block: Shield            |    72 |    47 ||   119

Table legend:
 A = Non-vault XP
 B = Vault XP
 C = Vault XP percentage of total XP
 D = Non-vault monster count
 E = Vault monster count
 F = Vault count percentage of total count
                 A         B        C        D         E       F
            +---------+---------+-------+---------+---------+-------
      Total |     111 |      46 |  29.3 |      46 |       4 |   8.0
            +---------+---------+-------+---------+---------+-------
        D:1 |      48 |       5 |   9.4 |      18 |       3 |  14.3
        D:2 |      58 |      41 |  41.4 |      25 |       1 |   3.8
        D:3 |       5 |       0 |   0.0 |       3 |       0 |   0.0
            +---------+---------+-------+---------+---------+-------
